 Dungeon Crawl Stone Soup version 0.28-a0-724-g66f9036eb4 (webtiles) character file.

Game seed: 3566691684751225196

81 Leeroy the Changer (level 4, -2/32 HPs)
             Began as a Merfolk Transmuter on Oct 26, 2021.
             Slain by a gnoll (8 damage)
             ... on level 3 of the Dungeon.
             The game lasted 00:05:06 (1949 turns).

Leeroy the Changer (Merfolk Transmuter)             Turns: 1949, Time: 00:05:07

Health: -2/32      AC:  5    Str: 10    XL:     4   Next: 40%
Magic:  0/7        EV: 12    Int: 12    God:
Gold:   44         SH:  0    Dex: 15    Spells: 1/7 levels left

rFire   . . .      SeeInvis .     - Unarmed
rCold   + . .      Faith    .   (no shield)
rNeg    . . .      Spirit   .   g - +2 leather armour {rC+}
rPois   .          Reflect  .   (helmet currently unavailable)
rElec   .          Harm     .   (no cloak)
rCorr   .          Rampage  .   (no gloves)
Will    .....                   (boots currently unavailable)
Stlth   +.........              d - amulet of regeneration
HPRegen 1.10/turn               (no ring)
MPRegen 0.10/turn               (no ring)

@: appendages (expiring), wereblooded
A: horns 2, (nimble swimmer 2), mertail
a: End Transformation


You were on level 3 of the Dungeon.
You had temporarily grown beastly horns.
You visited 1 branch of the dungeon, and saw 3 of its levels.

You collected 44 gold pieces.

Inventory:

Hand Weapons
 f - a +0 rapier
Missiles
 h - 6 javelins
Armour
 a - a +0 robe
 g - a +2 leather armour of cold resistance (worn)
Jewellery
 d - an amulet of regeneration (around neck)
 i - a ring of protection from cold
Scrolls
 b - a scroll of fog
 c - a scroll of teleportation
 e - 2 scrolls of amnesia {unknown}
 k - 2 scrolls of identify
Potions
 j - a potion of mutation {unknown}


   Skills:
 - Level 1.1 Fighting
 - Level 2.6 Dodging
 - Level 3.4 Unarmed Combat
 - Level 2.0 Spellcasting
 + Level 5.6 Transmutations
 - Level 1.1 Poison Magic


You had one spell level left.
You knew the following spells:

 Your Spells              Type           Power      Damage    Failure   Level
a - Beastly Appendage     Tmut           28%        N/A       3%          1
b - Spider Form           Tmut/Pois      4%         N/A       28%         3
c - Wereblood             Tmut           14%        N/A       5%          2

Your spell library contained the following spells:

 Spells                   Type           Power      Damage    Failure   Level
 Ice Form                 Ice/Tmut       7%         N/A       75%         4


Dungeon Overview and Level Annotations

Branches:
Dungeon (3/15)

Altars:
Zin

Shops:
D:2 *


Innate Abilities, Weirdness & Mutations

You have temporarily grown beastly horns.
((You are quick and stealthy near water. (Stealth+, EV+, Speed+++)))
Your lower body shifts to a powerful aquatic tail in water.


Message History

Your blood is infused with primal strength.
The gnoll misses you. The gnoll hits you but does no damage.
You barely miss the gnoll. The gnoll closely misses you.
You hit the gnoll.
The gnoll is heavily wounded.
The gnoll hits you with a +0 whip. The gnoll hits you with a +0 halberd.
You hit the gnoll. You headbutt the gnoll.
You feel a bit better.
You kill the gnoll!
The gnoll misses you. The gnoll hits you with a +0 whip.
Things that are here:
a +0 halberd; a gnoll corpse You closely miss the gnoll.
The gnoll is lightly wounded.
You barely miss the gnoll.
You howl as the wereblood boils in your veins!
The gnoll hits you with a +0 whip! The gnoll barely misses you.
You hit the gnoll. Your headbutt misses the gnoll.
The gnoll is heavily wounded.
Your transformation is almost over.
The gnoll closely misses you.
You hit the gnoll.
You headbutt the gnoll, but do no damage.
The gnoll is severely wounded.
You howl as the wereblood boils in your veins!
The gnoll hits you with a +1 antimagic flail.
You feel your power leaking away. The gnoll closely misses you.
You hit the gnoll but do no damage.
The gnoll is severely wounded.
You howl as the wereblood boils in your veins!
The gnoll hits you with a +1 antimagic flail!
* * * LOW HITPOINT WARNING * * *
You feel your power leaking away. The gnoll misses you.
Unknown command.
You closely miss the gnoll.
The gnoll is severely wounded.
The gnoll hits you with a +1 antimagic flail!
You die...

.## ..#
..# #.#
#.# #.#
#g###
#g@.#
#...#
#...#
#.....
....###
.....#
..#...#
#.######
..


You could see 2 gnolls.

Vanquished Creatures
  A gnoll (D:3)
  2 adders (D:2)
  A dart slug (D:3)
  4 endoplasms
  2 goblins (D:1)
  9 hobgoblins
  9 jackals
  5 kobolds
  3 ball pythons (D:1)
  6 bats
  4 rats
46 creatures vanquished.

Notes
Turn   | Place    | Note
-------+----------+-------------------------------------------
     0 | D:1      | Leeroy the Merfolk Transmuter began the quest for the Orb.
     0 | D:1      | Reached XP level 1. HP: 15/15 MP: 3/3
    57 | D:1      | Reached skill level 3 in Transmutations
    67 | D:1      | Reached XP level 2. HP: 7/21 MP: 3/5
   475 | D:1      | Reached skill level 4 in Transmutations
   564 | D:1      | Reached XP level 3. HP: 22/26 MP: 6/6
   673 | D:1      | Learned a level 3 spell: Spider Form
   683 | D:1      | Noticed a shining eye
   686 | D:1      | Found a faded altar of an unknown god.
   688 | D:1      | Noticed a floating eye
   694 | D:1      | Noticed a golden eye
   694 | D:1      | Noticed an eye of devastation
  1195 | D:2      | Found a glowing silver altar of Zin.
  1233 | D:2      | Found Zomutaeg's General Store.
  1300 | D:2      | HP: 1/26 [poisoned by an adder]
  1305 | D:2      | HP: 1/26 [poisoned by an adder]
  1314 | D:2      | Reached skill level 1 in Poison Magic
  1656 | D:2      | Reached skill level 5 in Transmutations
  1672 | D:2      | Reached XP level 4. HP: 32/32 MP: 5/7
  1934 | D:3      | Learned a level 2 spell: Wereblood
  1949 | D:3      | Slain by a gnoll

Illustrated notes

Levels and vault maps discovered:
D:1:      grunt_arrival_lava_bath, layout_loops_ring,
          hellmonk_ecumenical_altar_watching_god, bh_walls_and_bars
D:2:      layout_loops_cross, basic_altar, serial_shops, shop
D:3:      layout_rooms, amcnicky_altar_gilded, nicolae_overflow_crystal_walls

Skill      XL: |  1  2  3 |
---------------+----------+-----
Transmutations | 3 4 5 |  5.6
Poison Magic   | 1 |  1.1
Fighting       | |  1.1
Dodging        | |  2.6
Unarmed Combat | |  3.4
Spellcasting   | |  2.0

Action                   |  1- 3 |  4- 6 || total
-------------------------+-------+-------++-------
Melee: Unarmed           |   159 |    31 ||   190
       Headbutt          |     6 |     2 ||     8
       Punch             |     3 |       ||     3
 Cast: Beastly Appendage |     5 |     2 ||     7
       Wereblood         |       |     1 ||     1
  Use: Scroll            |     3 |       ||     3
       Potion            |     1 |       ||     1
 Stab: Sleeping          |     2 |       ||     2
Armor: Robe              |    19 |       ||    19
       Leather armour    |    16 |    26 ||    42
Dodge: Dodged            |   114 |    54 ||   168

Table legend: (Time is in decaauts)
 A = Elapsed time spent in this place.
 B = Non-inter-level travel time spent in this place.
 C = Inter-level travel time spent in this place.
 D = Time resting spent in this place.
 E = Time spent auto-exploring this place.
 F = Levels seen in this place.
 G = Mean time per level.
                   A        B        C        D        E       F      G
               +--------+--------+--------+--------+--------+-----+--------+
         Total |   1936 |   1832 |    104 |    448 |   1013 |   3 |  645.3 |
       Dungeon |   1936 |   1832 |    104 |    448 |   1013 |   3 |  645.3 |
               +--------+--------+--------+--------+--------+-----+--------+

Top non-repeatable levels by time:
     D:1: 1177 daAuts
     D:2: 715 daAuts
     D:3: 43 daAuts
